Map: El Dorado

Players

Serral

  • Race: Zerg Zerg
  • League: Grandmaster
  • Spawn Location: 5:00

LiquidClem (Clem) - Winner!

  • Race: Terran Terran
  • League: Grandmaster
  • Spawn Location: 7:00

VOD

Have the link to the VOD?

Description

Time

  • Played on: March 16, 2025, 10:13 a.m.
  • Length: 19:14
Show
View Real Time Build Order
Export as new Build Order

Serral Zerg 

Build Orders: Hatch First, Lurkers 

Get SALT Encoding   

  12  0:00  Drone  
  13  0:08  Drone  
  13  0:14  Drone, Extractor  
  15  0:22  Overlord  
  15  0:40  Drone  
  16  0:46  Hatchery  
  16  0:49  Drone  
  16  0:53  Drone  
  16  0:57  Drone  
  18  1:07  Extractor  
  17  1:14  Spawning Pool  
  17  1:16  Drone  
  17  1:19  Drone  
  18  1:26  Drone  
  19  1:37  Drone  
  20  1:56  Overlord  
  20  2:00  Queen x2  
  20  2:01  Zergling x4  
  26  2:08  Zergling x2  
  26  2:10  Drone  
  28  2:20  Drone x2  
  30  2:30  Drone x2  
  30  2:36  Queen  
  34  2:45  Overlord  
  34  2:46  Drone  
  35  2:58  Drone  
  36  3:02  Extractor  
  35  3:06  Roach Warren  
  35  3:09  Drone x4  
  35  3:11  Drone x2  
  35  3:12  Drone x3  
  44  3:22  Hatchery  
  44  3:26  Overlord  
  43  3:29  Drone  
  43  3:33  Overlord  
  44  3:45  Overlord  
  44  3:46  Roach x3  
  50  3:50  Roach  
  50  3:53  Roach x2  
  56  3:58  Roach x2  
  60  4:03  Roach  
  60  4:09  Roach  
  64  4:14  Drone x4  
  64  4:16  Overlord  
  68  4:21  Overlord  
  68  4:28  Overlord  
  68  4:30  Overlord  
  68  4:35  Drone x4  
  72  4:39  Lair  
  72  4:41  Extractor x2  
  72  4:43  Drone x2  
  72  4:48  Overlord  
  72  4:49  Drone  
  72  4:50  Drone  
  72  4:53  Drone  
  72  4:56  Drone  
  72  4:57  Drone x2  
  68  5:04  Drone  
  63  5:08  Queen  
  63  5:13  Drone x5  
  70  5:18  Drone x2  
  72  5:26  Roach  
  72  5:27  Roach  
  76  5:29  Roach, Extractor  
  76  5:31  Spore Crawler  
  76  5:32  Queen  
  78  5:38  Drone  
  78  5:39  Drone x5  
  79  5:44  Roach x3  
  79  5:47  Glial Reconstitution  
  79  5:48  Drone  
  87  5:50  Drone x3  
  87  5:56  Drone  
  91  5:57  Evolution Chamber  
  91  5:58  Drone, Evolution Chamber  
  91  6:00  Drone  
  91  6:01  Overseer  
  90  6:06  Drone x4, Extractor x2  
  90  6:09  Overlord  
  92  6:13  Roach x2  
  92  6:17  Ravager  
  92  6:18  Ravager  
  98  6:19  Roach x2  
  98  6:20  Drone x3  
  100  6:25  Drone  
  100  6:26  Infestation Pit  
  100  6:30  Zerg Missile Weapons Level 1, Zerg Ground Armor Level 1  
  99  6:34  Overlord  
  99  6:36  Roach x2  
  103  6:43  Roach x4  
  109  6:48  Overlord  
  109  6:51  Drone x2  
  111  7:01  Roach x2  
  117  7:03  Hatchery  
  117  7:06  Hive  
  117  7:07  Hydralisk Den  
  113  7:08  Metabolic Boost  
  113  7:10  Roach  
  113  7:11  Roach  
  113  7:13  Overlord  
  116  7:17  Roach x2  
  116  7:22  Drone  
  121  7:23  Drone  
  121  7:25  Ravager x3  
  121  7:28  Roach x2  
  121  7:29  Zergling x2  
  130  7:31  Overlord x3  
  130  7:34  Overlord  
  130  7:36  Overlord  
  130  7:38  Overseer  
  130  7:43  Overlord x2  
  128  7:45  Ravager x2  
  128  7:49  Lurker Den  
  129  7:52  Ravager, Extractor  
  129  7:53  Drone x6, Extractor  
  129  7:57  Zergling x8  
  138  7:59  Zergling x4  
  139  8:08  Roach x5  
  149  8:13  Zergling x6  
  149  8:18  Hydralisk x3  
  149  8:19  Hydralisk  
  160  8:24  Hydralisk  
  161  8:28  Zergling x6  
  161  8:32  Overlord  
  161  8:33  Zergling x4  
  166  8:35  Hydralisk  
  166  8:37  Ravager  
  166  8:39  Zergling x8  
  173  8:48  Lurker x4  
  176  8:50  Seismic Spines  
  176  8:53  Overseer  
  178  8:55  Roach  
  178  8:56  Roach, Zergling x8  
  178  8:57  Drone  
  178  9:02  Ravager x2  
  177  9:14  Roach x11  
  190  9:19  Ravager  
  190  9:20  Ravager  
  190  9:23  Roach  
  190  9:24  Roach x3  
  191  9:39  Overseer  
  191  9:44  Zerg Ground Armor Level 2, Zerg Missile Weapons Level 2  
  186  9:47  Drone x2  
  186  9:48  Hydralisk x2  
  186  9:49  Zergling x10  
  191  10:01  Adaptive Talons  
  191  10:02  Muscular Augments, Overlord  
  191  10:06  Extractor  
  190  10:10  Overlord  
  190  10:17  Lurker  
  191  10:24  Drone x2  
  191  10:26  Drone x2, Spore Crawler, Lurker  
  195  10:28  Hydralisk x2  
  195  10:34  Overseer  
  198  10:41  Drone  
  199  10:43  Overseer x2  
  199  10:45  Nydus Network  
  199  10:49  Hatchery  
  197  10:52  Drone x2  
  197  10:54  Spore Crawler x2  
  197  10:56  Drone  
  197  11:00  Drone x2  
  197  11:02  Hydralisk x2  
  199  11:06  Grooved Spines  
  199  11:21  Overlord  
  199  11:22  Overlord  
  199  11:24  Overlord  
  197  11:28  Overlord  
  197  11:29  Overseer  
  197  11:36  Overlord  
  197  11:37  Overlord  
  197  11:47  Lurker x3  
  197  11:51  Baneling Nest  
  197  11:52  Drone, Overlord  
  197  11:53  Overseer  
  199  11:54  Pneumatized Carapace  
  197  12:04  Lurker  
  197  12:05  Hydralisk  
  200  12:13  Hatchery  
  193  12:18  Hydralisk x4  
  198  12:27  Drone  
  199  12:35  Drone x7  
  198  12:37  Hatchery  
  198  12:43  Lurker, Extractor  
  198  12:44  Lurker x3  
  200  12:46  Extractor  
  200  12:47  Nydus Canal  
  199  12:52  Baneling Nest  
  199  12:58  Zerg Ground Armor Level 3, Zerg Melee Weapons Level 1  
  198  13:07  Nydus Canal  
  198  13:08  Hydralisk  
  200  13:15  Hydralisk x3  
  197  13:31  Nydus Canal  
  195  13:34  Hydralisk x3  
  195  13:39  Hatchery  
  192  13:41  Overseer x2  
  192  13:42  Overseer  
  192  13:43  Overseer  
  192  13:44  Hydralisk x4  
  192  13:53  Lurker x3  
  192  13:56  Drone x3  
  192  13:57  Drone x3  
  192  13:59  Lurker  
  181  14:10  Hydralisk x4  
  181  14:11  Zergling x20  
  181  14:16  Lurker x6  
  181  14:23  Hydralisk x4  
  140  14:24  Zergling x18  
  140  14:26  Hydralisk x4, Zergling x2  
  140  14:27  Zergling x24  
  160  14:32  Hydralisk x3  
  160  14:37  Hydralisk x3  
  166  14:38  Lurker x2  
  165  14:46  Drone x2  
  165  14:51  Hydralisk x5  
  166  14:53  Unknown  
  166  14:56  Zergling x2  
  166  14:59  Lurker x2  
  162  15:08  Lurker x3  
  162  15:10  Drone x2  
  162  15:12  Hydralisk, Zergling x2  
  162  15:13  Zergling x18  
  179  15:18  Zergling x12  
  158  15:24  Hydralisk x3  
  139  15:29  Hydralisk x2  
  139  15:31  Lurker  
  139  15:32  Lurker x2  
  136  15:40  Lurker  
  136  15:41  Lurker x2  
  136  15:46  Hydralisk x4  
  144  15:50  Lurker x2  
  143  15:57  Lurker  
  143  16:03  Lurker  
  145  16:04  Zergling x2  
  145  16:05  Zergling x20  
  145  16:11  Hydralisk x3  
  156  16:16  Extractor  
  161  16:21  Lurker x2  
  161  16:26  Hydralisk x3  
  161  16:31  Hydralisk x2  
  161  16:32  Zergling x4  
  173  16:34  Overseer  
  173  16:38  Hatchery  
  168  16:42  Overseer  
  168  16:43  Hydralisk x2  
  168  16:44  Zergling x10  
  169  16:47  Zergling x4  
  156  16:57  Hydralisk x5  
  156  16:58  Zergling x2  
  156  17:01  Hydralisk  
  154  17:06  Hydralisk x3  
  152  17:15  Zergling x18  
  152  17:21  Zergling x8  
  148  17:24  Hydralisk x2  
  148  17:28  Zergling x2  
  148  17:29  Zergling x4  
  137  17:34  Hydralisk x2  
  136  17:38  Hydralisk  
  136  17:39  Hydralisk x2  
  136  17:42  Lurker x2  
  136  17:43  Lurker x3  
  147  17:51  Hydralisk, Lurker  
  148  17:52  Zergling x10  
  148  17:56  Zergling x4  
  157  18:01  Lurker x2  
  155  18:07  Hydralisk x2  
  155  18:08  Zergling x8  
  163  18:14  Spore Crawler  
  163  18:17  Hydralisk x2, Zergling x2  
  163  18:18  Zergling x4  
  167  18:21  Hydralisk x2  
  167  18:26  Drone  
  165  18:30  Lurker x4  
  169  18:39  Hydralisk x3  
  173  18:49  Hydralisk x4  
Show
View Real Time Build Order
Export as new Build Order

LiquidClem Terran - Winner!

Build Orders: Reaper Expand 

Get SALT Encoding   

  12  0:00  SCV  
  13  0:12  SCV  
  14  0:17  Supply Depot  
  14  0:24  SCV  
  15  0:39  SCV  
  15  0:40  Barracks  
  16  0:44  Refinery  
  16  0:51  SCV  
  17  1:03  SCV  
  18  1:16  SCV  
  19  1:26  Reaper  
  19  1:28  Orbital Command  
  20  1:42  Command Center  
  20  1:50  Supply Depot  
  20  1:55  SCV  
  20  1:58  Marine  
  22  2:07  SCV  
  23  2:14  Factory  
  23  2:21  Barracks Reactor  
  23  2:23  SCV  
  24  2:35  SCV  
  25  2:45  Command Center  
  25  2:47  SCV  
  26  2:53  Orbital Command  
  26  2:59  SCV  
  27  3:08  Barracks Tech Lab  
  27  3:11  Barracks, SCV  
  28  3:16  Hellion  
  30  3:20  Hellion  
  30  3:23  SCV  
  33  3:27  Marine  
  33  3:28  SCV  
  33  3:33  Stimpack  
  35  3:35  SCV  
  35  3:38  Refinery  
  36  3:41  SCV  
  36  3:45  Marine  
  38  3:49  SCV  
  38  3:53  SCV  
  40  3:56  Orbital Command  
  40  4:01  Starport, SCV  
  41  4:03  Marine  
  41  4:04  Marine x2  
  41  4:08  SCV  
  45  4:10  Supply Depot, Factory Reactor  
  45  4:13  SCV  
  46  4:21  Marine, SCV  
  46  4:22  Marine x2  
  50  4:25  SCV x2  
  51  4:33  SCV  
  51  4:35  Supply Depot  
  51  4:37  SCV x2  
  54  4:39  Marine x2  
  54  4:40  Marine  
  57  4:50  SCV  
  59  4:55  SCV  
  59  4:57  Marine x2  
  59  4:58  Marine, SCV  
  57  5:02  SCV  
  48  5:07  SCV  
  48  5:10  Medivac x2, SCV  
  48  5:12  Factory Tech Lab  
  54  5:14  Marine, SCV  
  54  5:15  Marine x2  
  54  5:19  SCV  
  54  5:21  Supply Depot, Combat Shield, Refinery  
  59  5:22  SCV  
  59  5:26  SCV  
  61  5:31  SCV  
  61  5:32  Marine  
  61  5:33  Marine  
  61  5:34  SCV  
  65  5:38  SCV  
  65  5:40  Marine  
  63  5:44  Barracks, SCV  
  63  5:46  Engineering Bay  
  63  5:47  Engineering Bay  
  64  5:50  SCV  
  64  5:51  Starport Reactor  
  64  5:52  Marine x2  
  64  5:55  Siege Tank, Refinery  
  64  5:56  SCV  
  71  6:00  Marine  
  71  6:02  SCV  
  71  6:03  Orbital Command  
  73  6:06  Supply Depot  
  73  6:08  SCV  
  74  6:12  Barracks  
  74  6:13  Marine x2  
  74  6:14  SCV  
  74  6:15  Barracks  
  75  6:20  SCV  
  75  6:21  Terran Infantry Weapons Level 1, Terran Infantry Armor Level 1  
  74  6:27  Marine, SCV  
  74  6:32  Marine x4, SCV  
  81  6:33  Siege Tank  
  81  6:36  SCV  
  81  6:39  SCV  
  86  6:44  Supply Depot  
  86  6:45  Marine  
  86  6:46  Medivac  
  89  6:49  Marine, SCV  
  89  6:50  SCV  
  92  6:54  SCV  
  92  6:56  Marine, Medivac  
  92  6:59  Marine, Supply Depot  
  97  7:01  Barracks Reactor  
  97  7:03  Barracks Reactor, SCV  
  97  7:05  SCV  
  97  7:06  Marine  
  97  7:07  Marine  
  102  7:08  SCV  
  102  7:13  Supply Depot, Siege Tank  
  105  7:16  Marine, SCV  
  105  7:19  SCV  
  105  7:21  Supply Depot  
  108  7:24  Marine x2  
  108  7:27  Marine  
  111  7:31  Medivac x2  
  111  7:34  Marine, SCV  
  111  7:36  Marine, Supply Depot  
  118  7:37  Refinery  
  118  7:40  Marine x2  
  118  7:41  Marine x3  
  118  7:42  Armory  
  118  7:43  Marine  
  122  7:45  Marine  
  122  7:49  Supply Depot  
  122  7:50  Factory  
  123  7:55  SCV  
  123  7:56  Supply Depot  
  123  7:58  Siege Tank  
  127  8:00  Marine x3  
  127  8:04  Marine x2  
  127  8:05  Marine, Supply Depot  
  133  8:06  Marine x2  
  133  8:08  Concussive Shells  
  133  8:10  Marine  
  133  8:11  Supply Depot  
  136  8:15  Medivac x2  
  136  8:19  Marine x2  
  142  8:20  Supply Depot  
  142  8:21  Marine  
  142  8:24  Marine  
  142  8:25  Marine x4  
  146  8:28  Marine  
  146  8:32  Terran Infantry Weapons Level 2  
  147  8:38  Drilling Claws  
  147  8:39  Factory Reactor  
  147  8:40  Marine x2, Supply Depot  
  149  8:41  Marine  
  149  8:45  Command Center  
  149  8:46  Marine, Marauder  
  153  8:49  Marine  
  153  8:50  Marine  
  153  8:51  Siege Tank  
  158  8:56  Medivac  
  158  8:57  Marine x2  
  158  8:58  Marine x2  
  164  9:04  Marine  
  164  9:06  Marine  
  164  9:07  Marine  
  164  9:08  Marauder  
  168  9:15  Medivac  
  163  9:22  Widow Mine x2  
  163  9:23  Marine, Siege Tank  
  171  9:24  Barracks  
  171  9:25  Marine, Barracks x2  
  171  9:29  Marine x2  
  165  9:32  Marine x2  
  165  9:33  Marine x2  
  165  9:36  Medivac  
  168  9:44  Terran Infantry Armor Level 2  
  168  9:45  Marine x2, Supply Depot, Widow Mine, Terran Vehicle And Ship Armor Level 1  
  164  9:46  Marine, Supply Depot  
  164  9:47  Marine  
  164  9:50  Marine x3  
  145  9:54  Widow Mine, Medivac  
  145  9:56  Marine  
  146  10:03  Marine x3  
  146  10:04  Marine, SCV x3  
  153  10:13  Sensor Tower  
  153  10:14  Barracks Tech Lab x2  
  153  10:15  Barracks Tech Lab  
  153  10:16  Marine x3, SCV  
  157  10:22  Widow Mine, Marine  
  157  10:23  Marine x3, SCV  
  157  10:24  Marine  
  165  10:30  Ghost Academy  
  165  10:33  Marauder x2  
  165  10:35  Planetary Fortress  
  169  10:42  Marauder  
  171  10:47  Siege Tank  
  171  10:48  Widow Mine x2  
  171  10:49  SCV x2  
  181  10:50  SCV  
  181  11:01  Ghost  
  182  11:07  Terran Infantry Weapons Level 3  
  182  11:08  Ghost  
  182  11:09  Command Center  
  182  11:11  SCV x3, Refinery x2  
  186  11:17  Ghost  
  188  11:21  Widow Mine  
  188  11:24  Marine  
  188  11:25  Marine  
  191  11:29  Missile Turret  
  191  11:30  Marine  
  192  11:38  Ghost  
  192  11:39  Missile Turret, Ghost  
  198  11:45  Ghost  
  200  11:53  Command Center  
  200  11:54  Command Center  
  200  11:55  Starport  
  200  11:59  Marine  
  200  12:00  Marauder  
  197  12:02  Missile Turret  
  197  12:08  Ghost  
  199  12:19  Ghost  
  199  12:20  Marine x2  
  195  12:22  Ghost  
  195  12:25  Medivac  
  200  12:35  Ghost  
  199  12:42  Starport Reactor  
  199  12:44  Fusion Core  
  199  12:47  Command Center  
  199  12:48  Terran Infantry Armor Level 3  
  199  12:50  Command Center  
  198  13:03  Refinery  
  198  13:04  Refinery  
  198  13:06  Missile Turret, Ghost  
  200  13:15  Personal Cloaking  
  195  13:20  Planetary Fortress  
  195  13:23  Refinery  
  192  13:28  Orbital Command  
  192  13:30  Marine  
  192  13:31  Marauder  
  187  13:35  Ghost x2  
  187  13:37  Marine x3, Ghost  
  187  13:46  Marine  
  186  13:49  Widow Mine, Marine  
  186  13:50  Marine  
  186  13:51  Ghost  
  186  13:54  Marine x2  
  195  14:03  Missile Turret  
  195  14:04  Marine  
  188  14:18  Marine  
  188  14:19  Widow Mine  
  188  14:20  Marine  
  188  14:22  Medivac  
  188  14:23  Marine x3, Widow Mine  
  170  14:24  Marine x2  
  170  14:27  Marine  
  170  14:28  SCV x3  
  170  14:29  SCV x2  
  169  14:35  SCV  
  170  14:39  Marine x2, Widow Mine  
  170  14:40  SCV  
  170  14:42  Marine x2, SCV  
  170  14:43  SCV  
  170  14:44  SCV  
  178  14:50  Widow Mine  
  175  14:53  Ghost  
  175  14:55  Marine  
  175  14:56  Widow Mine  
  177  15:02  Orbital Command  
  176  15:08  Marine x2, Marauder x2  
  176  15:10  Widow Mine, Liberator  
  176  15:12  Widow Mine  
  189  15:16  Marine  
  189  15:17  Widow Mine  
  189  15:18  Marine  
  189  15:21  Marine  
  189  15:23  Orbital Command  
  189  15:24  Marine x3  
  186  15:31  Marauder  
  186  15:32  Widow Mine  
  186  15:34  Ghost  
  193  15:39  Ghost  
  193  15:41  Medivac  
  193  15:42  Widow Mine, Marine  
  195  15:49  Marine  
  197  15:54  Marine, Marauder, Refinery  
  200  16:01  Orbital Command  
  198  16:09  Marine  
  194  16:29  Liberator  
  194  16:30  Liberator  
  194  16:31  Liberator  
  198  16:33  Sensor Tower  
  198  16:34  Missile Turret  
  198  16:37  Command Center  
  198  16:43  Ghost  
  187  16:49  Ghost x3  
  187  16:54  Widow Mine, Liberator  
  187  16:56  Marine  
  187  16:58  Widow Mine  
  187  17:00  Marine x2  
  190  17:04  Marine x2, Missile Turret  
  190  17:07  SCV  
  193  17:09  Marine, SCV  
  193  17:12  Ghost, Liberator  
  191  17:16  Marine x2, Widow Mine  
  191  17:17  Ghost, SCV  
  191  17:18  Marauder  
  193  17:23  Liberator  
  193  17:25  Widow Mine, SCV  
  193  17:28  Marine  
  189  17:34  Marine  
  189  17:35  Widow Mine  
  189  17:36  Marine  
  193  17:38  Marine  
  193  17:39  Marine  
  193  17:44  Widow Mine  
  193  17:53  Liberator x2  
  199  18:10  Marine  
  200  18:19  Missile Turret  
  200  18:22  Orbital Command  
  200  18:25  Ghost  
  200  18:29  Widow Mine  
  199  18:41  Marine  
Tags
 
Add a new tag
Caveats
  • Supply blocks, unpowered buildings, or Contaminate may cause inaccurate times.
  • Supply counts are checked every 10 seconds.